 Dungeon Crawl Stone Soup version 0.18.1-8-gdd0e5ea (webtiles) character file.

120 Enroth the Skirmisher (level 4, -1/35 HPs)
             Began as a Mummy Fighter on May 28, 2016.
             Slain by a gnoll
             ... wielding a +0 halberd
              (7 damage)
             ... on level 3 of the Dungeon.
             The game lasted 00:05:59 (1768 turns).

Enroth the Skirmisher (Mummy Fighter)               Turns: 1768, Time: 00:05:59

Health: -1/35      AC:  6    Str: 19    XL:     4   Next: 75%
Magic:  4/4        EV:  7    Int:  7    God:
Gold:   54         SH:  9    Dex: 12    Spells: 0 memorised, 3 levels left

rFire  x . .     SeeInvis +     a - +0 war axe
rCold  + . .     Gourm    .     b - +0 scale mail
rNeg   + + +     Faith    .     c - +0 shield
rPois  ∞         Spirit   .     (no helmet)
rElec  .         Dismiss  .     (no cloak)
rCorr  .         Reflect  .     (no gloves)
SustAt .         Harm     .     (no boots)
MR     .....                    (no amulet)
Stlth  ..........               k - ring of see invisible
                                (no ring)

@: not resistant to hostile enchantments, extremely unstealthy
A: no food or potions, fire vulnerability, cold resistance 1, negative energy
resistance 3, torment resistance, unbreathing
a: no special abilities


You were on level 3 of the Dungeon.
You were not hungry.

You visited 1 branch of the dungeon, and saw 4 of its levels.

You collected 54 gold pieces.

Inventory:

Hand Weapons
 a - a +0 war axe (weapon)
Armour
 b - a +0 scale mail (worn)
 c - a +0 shield (worn)
Jewellery
 k - a ring of see invisible (right hand)
Scrolls
 d - 4 scrolls of identify
 e - a scroll of enchant armour {unknown}
 f - a scroll of blinking {unknown}
 h - a scroll of random uselessness {unknown}
 i - a scroll of recharging {unknown}
 l - a scroll of amnesia {unknown}


   Skills:
 + Level 3.4 Fighting
 * Level 2.6 Axes
 + Level 2.9 Armour
 + Level 1.1 Dodging
 + Level 3.0 Shields


You had 3 spell levels left.
You didn't know any spells.

Dungeon Overview and Level Annotations

Branches:
Dungeon (4/15)
 Temple: D:4-7

Altars:
Dithmenos
Vehumet


Innate Abilities, Weirdness & Mutations

You do not eat or drink.
Your flesh is vulnerable to fire.
You are immune to poison.
Your flesh is cold resistant.
You are immune to negative energy.
You are immune to unholy pain and torment.
You can survive without breathing.


Message History

The gnoll hits you from afar with a halberd!
You hit the gnoll.
The gnoll is heavily wounded.
The gnoll barely misses you. You block the gnoll's attack.
The gnoll hits you with a spear.
You slash the gnoll!
You kill the gnoll!
Your Shields skill increases to level 3!
The gnoll barely misses you.
You hit the dart slug.
The dart slug is heavily wounded.
You block the gnoll's attack. x2; The dart slug closely misses you.
You slash the dart slug!
You kill the dart slug!
You block the gnoll's attack.
Your scale mail prevents you from hitting the gnoll.
The gnoll hits you!
* * * LOW HITPOINT WARNING * * *
The gnoll hits you from afar with a halberd!
You die...

#.#......##...##....[....#
.....###.......#...#####..
h..#..#####........## ###
.................# ..
.######.....#### #
####...#....##########
#...g.##.#[...#.......
#...###g#..##...#.......
#.#####@#.#####...!.....
........<..)............
..#####.#.#######.......
#.#.# #....... ..#.#
###.......
.....#####......###
#.##..>.......#### #.
#...###...## ..
.......>###


You could see 2 gnolls.

Vanquished Creatures
  An orc wizard (D:3)
  A gnoll (D:3)
  A howler monkey skeleton (D:3)
  2 adders (D:3)
  A dart slug (D:3)
  A giant gecko (D:1)
  3 orcs (D:3)
  2 ball pythons
  4 giant cockroaches
  8 goblins
  5 hobgoblins
  4 jackals
  2 kobolds
  2 quokkas
  3 bats
  A giant newt (D:1)
  5 rats
46 creatures vanquished.

Notes
Turn   | Place    | Note
--------------------------------------------------------------
     0 | D:1      | Enroth the Mummy Fighter began the quest for the Orb.
     0 | D:1      | Reached XP level 1. HP: 18/18 MP: 1/1
   241 | D:1      | Reached XP level 2. HP: 18/24 MP: 2/2
   885 | D:2      | You fall through a shaft for 2 floors!
  1094 | D:2      | Found a radiant altar of Vehumet.
  1118 | D:2      | Reached XP level 3. HP: 29/29 MP: 3/3
  1285 | D:2      | Found a shadowy altar of Dithmenos.
  1464 | D:3      | Reached XP level 4. HP: 15/35 MP: 4/4
  1469 | D:3      | Reached skill level 1 in Dodging
  1768 | D:3      | Slain by a gnoll

Skill      XL: |  1  2  3  4 |
---------------+-------------+-----
Axes           | 2 |  2.6
Dodging        | 1 |  1.1
Shields        | 3 |  3.0
Fighting       | |  3.4
Armour         | |  2.9

Action                   |  1- 3 |  4- 6 || total
-------------------------+-------+-------++-------
Melee: War axe           |   141 |    31 ||   172
  Use: Scroll            |     2 |     1 ||     3
Armor: Scale mail        |    70 |    18 ||    88
Dodge: Dodged            |    49 |    13 ||    62
Block: Shield            |    81 |    22 ||   103
